 Dungeon Crawl Stone Soup version 0.21-a0-380-gd65dc97 (webtiles) character file.

2333 graki42 the Thaumaturge (level 9, -2/47 HPs)
             Began as a Deep Elf Fire Elementalist on Oct 18, 2017.
             Slain by Joseph
             ... wielding a +2 quarterstaff of draining
              (9 damage)
             ... on level 7 of the Dungeon.
             The game lasted 00:24:40 (6805 turns).

graki42 the Thaumaturge (DEFE)                      Turns: 6805, Time: 00:24:41

Health: -2/47      AC:  5    Str:  6    XL:     9   Next: 19%
Magic:  1/24       EV: 20    Int: 21    God:
Gold:   413        SH:  0    Dex: 20    Spells: 10/26 levels left

rFire    . . .     SeeInvis .   i - +2 halberd
rCold    . . .     Gourm    .   (shield currently unavailable)
rNeg     . . .     Faith    .   a - +0 robe
rPois    .         Spirit   .   q - +1 helmet
rElec    .         Reflect  .   (no cloak)
rCorr    .         Harm     .   o - +0 pair of gloves
MR       .....                  (no boots)
Stlth    ++++......             (no amulet)
HPRegen  0.15/turn              (no ring)
MPRegen  0.19/turn              (no ring)

@: agile, hasted, very quick
A: talons 1, weak 1, wild magic 1
a: no special abilities


You were on level 7 of the Dungeon.
You were near starving.

You visited 1 branch of the dungeon, and saw 7 of its levels.

You collected 413 gold pieces.

Inventory:

Hand Weapons
 i - a +2 halberd (weapon)
Missiles
 g - 2 throwing nets (quivered)
Armour
 a - a +0 robe (worn)
 o - a +0 pair of gloves (worn)
 q - a +1 helmet (worn)
Jewellery
 x - an uncursed ring of ice {unknown}
Wands
 f - a wand of enslavement (6/24)
 l - a wand of digging (6/24)
Scrolls
 d - 2 scrolls of remove curse
 e - 2 scrolls of identify
 h - 6 scrolls of teleportation
 j - 5 scrolls of amnesia
 r - a scroll of fear
 v - 2 scrolls of noise
Potions
 m - 3 potions of flight
Books
 b - a book of Flames

   Spells                             Type                      Level
   a - Flame Tongue                   Conjuration/Fire             1
   b - Throw Flame                    Conjuration/Fire             2
   c - Conjure Flame                  Conjuration/Fire             3
   d - Inner Flame                    Hexes/Fire                   3
   e - Sticky Flame                   Conjuration/Fire             4
   f - Fireball                       Conjuration/Fire             5
Comestibles
 c - 7 bread rations
 k - 2 meat rations
 w - a royal jelly


   Skills:
 + Level 1.3 Fighting
 + Level 2.1 Polearms
 + Level 4.4 Dodging
 + Level 4.2 Stealth
 + Level 9.2 Spellcasting
 + Level 6.0 Conjurations
 + Level 2.1 Hexes
 + Level 7.7 Fire Magic


You had 10 spell levels left.
You knew the following spells:

 Your Spells              Type           Power        Failure   Level  Hunger
a - Flame Tongue          Conj/Fire      #####        1%          1    None
b - Conjure Flame         Conj/Fire      ######..     2%          3    None
c - Inner Flame           Hex/Fire       #####...     4%          3    None
d - Sticky Flame          Conj/Fire      ######..     7%          4    ##.....
e - Fireball              Conj/Fire      ######....   16%         5    #####..


Dungeon Overview and Level Annotations

Branches:
Dungeon (7/15)             Temple (0/1) D:7

Altars:
Kikubaaqudgha
Ru
Xom
Zin
The Shining One

Annotations:
D:7 Joseph


Innate Abilities, Weirdness & Mutations

You have sharp toenails.
You are weak. (Str -2)
Your spells are a little harder to cast, but a little more powerful.


Message History

Confirm with . or Enter, or press ? or * to list all spells.
Aiming: Sticky Flame
Press: ? - help, Shift-Dir - straight line, f/p - Joseph
Aim: Joseph, wielding a quarterstaff of draining and wearing a ring mail (heavily wounded, covered in liquid flames)
The sticky flame hits Joseph.
Joseph is heavily wounded.
Joseph is covered in liquid flames!
Joseph burns!
Casting: Sticky Flame
Confirm with . or Enter, or press ? or * to list all spells.
You don't have enough magic to cast that spell.
Unknown command.
You hit Joseph.
Joseph is severely wounded.
Joseph burns!
Joseph closely misses you.
You hit Joseph. You claw Joseph, but do no damage.
Joseph is severely wounded.
You are near starving!
Joseph burns!
Joseph hits you with an uncursed quarterstaff of draining!
You die...

,,..,,,,.$#
**#.**,*#.# *
#.##,*#.# *
#...,*#.######## *
#..#**#.......)# *
#..####.######.# *
#......##****#'#
##.#####,+,*,#.# ##
#.# **#+#+#@# .# #z#
*,+..Z@(# .###.#
**#...### .z...#
*,+...+,* .#####
**#+#+#+***** ...#
*∩+,*,*,*,,,*
z#.#######**********,*
......(...,,**,*
*,********
...o%.####*,**,*
*,,,,,,,,*


You could see Joseph (burning) and an elf skeleton (wandering).

Vanquished Creatures
  A water moccasin (D:6)
  An orc warrior (D:6)
  A sky beast (D:5)
  A necrophage (D:7)
  An ice beast (D:6)
  A phantom (D:4)
  3 ogres
  A bullfrog (D:6)
  An elf zombie (D:7)
  2 scorpions
  2 wights (D:7)
  2 howler monkeys
  3 crimson imps
  2 hounds (D:4)
  A centaur zombie (D:6)
  5 orc priests
  A jelly (D:6)
  2 bullfrog skeletons (D:4)
  Ijyb (D:3)
  6 orc wizards
  4 iguanas
  3 worker ants
  A mummy (D:7)
  A hound skeleton (D:5)
  Robin (D:3)
  14 adders
  2 shadow imps (D:5)
  2 oozes
  An adder zombie (D:6)
  2 worms
  3 dart slugs
  4 leopard geckos
  36 orcs
  4 giant cockroaches
  15 goblins
  6 hobgoblins
  A jackal (D:7)
  4 kobolds
  3 quokkas
  4 bats
  3 frilled lizards
  A leopard gecko skeleton (D:7)
  2 quokka skeletons
  8 rats
163 creatures vanquished.

Vanquished Creatures (others)
  A leopard gecko (D:5)
1 creature vanquished.

Grand Total: 164 creatures vanquished

Notes
Turn   | Place    | Note
-------+----------+-------------------------------------------
     0 | D:1      | graki42 the Deep Elf Fire Elementalist began the quest for the Orb.
     0 | D:1      | Reached XP level 1. HP: 10/10 MP: 6/6
   136 | D:1      | Reached XP level 2. HP: 15/15 MP: 0/8
   922 | D:2      | Reached XP level 3. HP: 16/19 MP: 6/10
  1232 | D:2      | Learned a level 3 spell: Conjure Flame
  1236 | D:2      | Learned a level 3 spell: Inner Flame
  1549 | D:2      | Reached skill level 4 in Spellcasting
  1557 | D:2      | Reached XP level 4. HP: 13/24 MP: 3/12
  2317 | D:3      | Noticed Ijyb
  2331 | D:2      | Learned a level 4 spell: Sticky Flame
  2358 | D:3      | Killed Ijyb
  2612 | D:3      | Reached XP level 5. HP: 23/28 MP: 11/14
  2816 | D:3      | Noticed Robin
  2828 | D:3      | Killed Robin
  2828 | D:3      | Reached skill level 5 in Fire Magic
  3263 | D:3      | Found an ancient bone altar of Kikubaaqudgha.
  3358 | D:4      | Reached skill level 5 in Spellcasting
  3375 | D:4      | Reached XP level 6. HP: 25/32 MP: 1/15
  3761 | D:4      | Found a glowing silver altar of Zin.
  3780 | D:4      | Found a glowing golden altar of the Shining One.
  3863 | D:4      | Reached XP level 7. HP: 27/37 MP: 0/17
  4045 | D:4      | Found a glowing golden altar of the Shining One.
  4163 | D:4      | Reached skill level 1 in Polearms
  4163 | D:4      | Reached skill level 6 in Spellcasting
  4274 | D:4      | Reached skill level 1 in Hexes
  4384 | D:5      | Entered Level 5 of the Dungeon
  4851 | D:5      | Reached XP level 8. HP: 42/42 MP: 10/20
  4860 | D:5      | Learned a level 5 spell: Fireball
  4867 | D:5      | Found a sacrificial altar of Ru.
  4915 | D:5      | Found a shimmering altar of Xom.
  4932 | D:5      | Reached skill level 7 in Spellcasting
  5082 | D:5      | Reached skill level 1 in Fighting
  5088 | D:5      | Gained mutation: You have sharp toenails. [mutagenic meat]
  5089 | D:5      | Gained mutation: You are weak. (Str -2) [mutagenic meat]
  5091 | D:5      | Gained mutation: Your spells are a little harder to cast, but a little more powerful. [mutagenic meat]
  5413 | D:5      | Reached skill level 5 in Conjurations
  5716 | D:6      | Reached skill level 8 in Spellcasting
  6550 | D:6      | Reached XP level 9. HP: 43/47 MP: 13/23
  6702 | D:7      | Reached skill level 9 in Spellcasting
  6793 | D:7      | Noticed Joseph
  6805 | D:7      | Slain by Joseph

Vault maps used:
D:1:      tarquinn_simple_flora_water_e
D:3:      marbit_many_paths, uniq_ijyb, uniq_robin
D:4:      amethyst_overflow_temple_binary, tso_metal_star
D:5:      xom_confusion_cloud, first_bread, nicolae_ru_the_path_less_chosen
D:7:      lemuel_crystal_altar, minmay_temple_entry_from_below_a,
          nicolae_ossuary_entry_catacombs, basic_altar, serial_undead,
          serial_undead_e, serial_undead_d, serial_undead_c, serial_undead_d,
          serial_undead_d, serial_undead_d, uniq_joseph, uniq_crazy_yiuf_cottage

Skill      XL: |  1  2  3  4  5  6  7  8  9 |
---------------+----------------------------+-----
Fire Magic     | 4 5 6 7 |  7.7
Spellcasting   | 4 5 6 8 9 |  9.2
Conjurations   | 2 3 4 5 6 |  6.0
Dodging        | 3 4 |  4.4
Stealth        | 3 4 |  4.2
Polearms       | 1 2 |  2.1
Hexes          | 1 2 |  2.1
Fighting       | 1 |  1.3

Action                   |  1- 3 |  4- 6 |  7- 9 || total
-------------------------+-------+-------+-------++-------
Melee: Unarmed           |     1 |       |       ||     1
       Spear             |       |    33 |       ||    33
       Halberd           |       |     9 |    32 ||    41
       Kick              |       |       |     4 ||     4
 Cast: Flame Tongue      |    64 |   117 |   119 ||   300
       Conjure Flame     |     1 |     3 |    11 ||    15
       Inner Flame       |       |     5 |     8 ||    13
       Sticky Flame      |       |     3 |    14 ||    17
  Use: Potion            |     2 |     2 |     2 ||     6
       Scroll            |       |     4 |     7 ||    11
  Eat: Chunk             |     2 |     7 |    10 ||    19
       Meat ration       |       |       |     1 ||     1
Armor: Robe              |     8 |     8 |    12 ||    28
       Skin              |     4 |    26 |       ||    30
Dodge: Dodged            |    28 |    51 |    58 ||   137

Table legend:
 A = Spawn XP
 B = Non-spawn XP
 C = Spawn XP percentage of total XP
 D = Spawn monster count
 E = Non-spawn monster count
 F = Spawn count percentage of total count
 G = Total turns spent on level
                    A         B        C        D         E        F      G
               +---------+---------+-------+---------+---------+-------+---------
         Total |       0 |    3333 |   0.0 |       0 |     163 |   0.0 |  6805
               +---------+---------+-------+---------+---------+-------+---------
           D:1 |       0 |      35 |   0.0 |       0 |      16 |   0.0 |   867
           D:2 |       0 |     106 |   0.0 |       0 |      25 |   0.0 |  1479
           D:3 |       0 |     226 |   0.0 |       0 |      36 |   0.0 |   994
           D:4 |       0 |     740 |   0.0 |       0 |      27 |   0.0 |  1143
           D:5 |       0 |     966 |   0.0 |       0 |      28 |   0.0 |  1125
           D:6 |       0 |     855 |   0.0 |       0 |      23 |   0.0 |  1083
           D:7 |       0 |     405 |   0.0 |       0 |       8 |   0.0 |   114
               +---------+---------+-------+---------+---------+-------+---------
